 Dungeon Crawl Stone Soup version 0.29-a0-384-g6960b1960d (webtiles) character file.

Game seed: 7764003355822306455

3152 siradein the Destroyer (level 9, -6/61 HPs)
             Began as a Demonspawn Conjurer on May 7, 2022.
             Was an Initiate of Vehumet.
             Mangled by a hornet (8 damage)
             ... on level 8 of the Dungeon.
             The game lasted 00:27:54 (8049 turns).

siradein the Destroyer (Demonspawn Conjurer)        Turns: 8049, Time: 00:27:56

Health: -6/61      AC:  9    Str: 14    XL:     9   Next: 62%
Magic:  3/20       EV: 12    Int: 23    God:    Vehumet [......]
Gold:   359        SH:  0    Dex: 12    Spells: 12/23 levels left

rFire   . . .      SeeInvis +   r - +4 club (spect)
rCold   . . .      Faith    .   (no shield)
rNeg    . . .      Spirit   .   g - +0 leather armour
rPois   .          Reflect  .   p - +1 hat
rElec   .          Harm     .   (no cloak)
rCorr   .          Rampage  .   C - +0 pair of gloves
Will    .....                   j - +1 pair of boots
Stlth   ++........              (no amulet)
HPRegen 0.20/turn               f - +6 ring of strength
MPRegen 0.34/turn               t - ring of see invisible

@: lethally poisoned (-6 -> -18), slowed, very slow
A: horns 2, foul stench 1, magic regeneration, sharp scales 2
a: Renounce Religion


You were on level 8 of the Dungeon.
You worshipped Vehumet.
Vehumet was noncommittal.
You visited 2 branches of the dungeon, and saw 9 of its levels.

You collected 395 gold pieces.
You spent 36 gold pieces at shops.

Inventory:

Hand Weapons
 r - a +4 spectral club (weapon)
Armour
 g - a +0 leather armour (worn)
 j - a +1 pair of boots (worn)
 p - a +1 hat (worn)
 C - a +0 pair of gloves (worn)
Jewellery
 f - a +6 ring of strength (left hand)
 t - a ring of see invisible (right hand)
 w - a ring of ice
 D - a ring of fire
Scrolls
 a - 2 scrolls of poison {unknown}
 c - a scroll of vulnerability {unknown}
 e - 2 scrolls of blinking
 i - 2 scrolls of enchant armour {unknown}
 k - 5 scrolls of enchant weapon
 m - a scroll of amnesia {unknown}
 n - 2 scrolls of teleportation
 o - 2 scrolls of noise {unknown}
 u - a scroll of fog {unknown}
 y - 2 scrolls of identify {unknown}
 z - a scroll of immolation {unknown}
 A - a scroll of summoning {unknown}
Potions
 b - 3 potions of magic
 d - a potion of attraction {unknown}
 h - 2 potions of lignification {unknown}
 l - 5 potions of curing
 q - a potion of might {unknown}
 s - a potion of degeneration {unknown}
 v - a potion of berserk rage {unknown}
 x - a potion of invisibility {unknown}
 B - 2 potions of haste {unknown}


   Skills:
 + Level 2.0 Fighting
 + Level 2.7 Dodging
 + Level 2.8 Stealth
 + Level 7.9 Spellcasting
 + Level 9.3 Conjurations
 + Level 5.1 Hexes


You had 12 spell levels left.
You knew the following spells:

 Your Spells              Type           Power      Damage    Failure   Level
a - Magic Dart            Conj           100%       1d8       1%          1
b - Searing Ray           Conj           100%       2d8       1%          2
c - Fulminant Prism       Conj/Hex       21%        3d13      4%          4
d - Iskenderun's Mystic   Conj/Tloc      30%        2d8       13%         4

Your spell library contained the following spells:

 Spells                   Type           Power      Damage    Failure   Level
 Dazzling Flash           Conj/Hex       84%        N/A       1%          3
 Summon Small Mammal      Summ           36%        N/A       9%          1
 Summon Guardian Golem    Hex/Summ       20%        N/A       10%         3
 Call Canine Familiar     Summ           9%         N/A       26%         3
 Gell's Gravitas          Tloc           9%         N/A       26%         3
 Teleport Other           Tloc           9%         N/A       26%         3
 Conjure Ball Lightning   Conj/Air       15%        3x3d6     90%         6
 Dispersal                Tloc           4%         N/A       100%        6
 Discord                  Hex            16%        N/A       100%        8
 Disjunction              Tloc           4%         N/A       100%        8


Dungeon Overview and Level Annotations

Branches:
Dungeon (8/15)             Temple (1/1) D:5
   Lair: D:8-11

Altars:
Ashenzari
Cheibriados
Dithmenos
Elyvilon
Fedhas
Gozag
Hepliaklqana
Kikubaaqudgha
Makhleb
Nemelex Xobeh
Okawaru
Qazlal
Ru
Sif Muna
Trog
Uskayaw
Vehumet
Wu Jian
Xom
Yredelemnul
Zin
The Shining One

Shops:
D:3 !

Annotations:
D:2 1 runed translucent door, Crazy Yiuf


Innate Abilities, Weirdness & Mutations

You have a pair of horns on your head.
You may rarely emit foul miasma when damaged in melee.
You regenerate magic rapidly.
You are mostly covered in razor-sharp scales. (AC +2, Slay +2)


Message History

The howler monkey hoots and howls with incredible vigour!
The hornet stings you!
* * * LOW HITPOINT WARNING * * *
You are lethally poisoned!
You feel as though you will be slow longer.
Casting: Fulminant Prism (dangerous; 4% risk of failure)
Confirm with . or Enter, or press ? or * to list all spells.
Aiming: Searing Ray (safe; 1% risk of failure)
Press: ? - help, Shift-Dir - straight line The searing ray misses the hornet.
The searing ray hits the centaur.
The centaur is heavily wounded. (Press . to maintain the ray.)
* * * LOW HITPOINT WARNING * * *
You feel very sick. The hornet closely misses you. x2
The howler monkey hoots and howls with incredible vigour!
The hornet barely misses you.
Unknown command.
Press < or > to pray at altars.
You feel better.
The hornet stings you but does no damage.
The hornet stings you.
* * * LOW HITPOINT WARNING * * *
You feel as though you will be slow longer.
Casting: Searing Ray (safe; 1% risk of failure)
Confirm with . or Enter, or press ? or * to list all spells.
Aiming: Searing Ray (safe; 1% risk of failure)
Press: ? - help, Shift-Dir - straight line The searing ray hits the hornet.
The hornet is almost dead.
The searing ray hits the centaur!
You kill the centaur!
Vehumet accepts your kill. (Press . to maintain the ray.)
The hornet stings you!
* * * LOW HITPOINT WARNING * * *
You are lethally poisoned!
You feel as though you will be slow longer.
The hornet stings you!
You die...

#######....#### .####
......#....##.#######.#...
........................#
.......≈≈≈≈§≈≈.≈§§≈§....#
.†.....≈...§.≈.....≈....#
......§§§§≈≈.§§§§≈†≈.####.
......§≈.§_≈.≈...≈.≈......
.....§§§.§.≈.≈.≈.§.≈......
.......≈.≈...≈.≈@§.≈O.....
......§≈.§≈§≈≈.§y≈.≈......
.>.....≈....h§.§...≈......
.......≈≈≈§≈.≈§§≈≈§≈§.....
..............§.h...§####.
...............h.#......
######...........#......#
.....# ..........#......#
.....# ..........#......#


You could see a two-headed ogre, a hornet and 3 howler monkeys.

Vanquished Creatures
  A troll (D:5)
  A shadow (D:7)
  2 water moccasins
  Duvessa (D:7)
  3 black bears
  An ice beast (D:5)
  An ogre (D:7)
  4 centaurs
  A kobold brigand (D:8)
  4 bullfrogs
  3 scorpions
  Dowan (D:7)
  6 killer bees (D:4)
  A howler monkey (D:6)
  A jelly (D:5)
  2 gnoll shamans (D:7)
  6 orc priests
  4 hounds
  3 iguanas
  Jessica (D:3)
  Terence (D:3)
  4 orc wizards (D:6)
  10 adders
  10 gnolls
  A shadow imp (D:7)
  2 ufetubi
  A worm (D:2)
  3 dart slugs
  18 orcs
  6 ball pythons
  4 bats
  8 endoplasms
  3 giant cockroaches
  8 goblins
  4 hobgoblins
  2 quokkas
  3 frilled lizards
  7 kobolds
  2 rats (D:1)
144 creatures vanquished.

Vanquished Creatures (others)
  21 fulminant prisms
21 creatures vanquished.

Grand Total: 165 creatures vanquished

Notes
Turn   | Place    | Note
-------+----------+-------------------------------------------
     0 | D:1      | siradein the Demonspawn Conjurer began the quest for the
                  | Orb.
     0 | D:1      | Reached XP level 1. HP: 13/13 MP: 3/3
   370 | D:1      | Gained mutation: You are partially covered in razor-sharp
                  | scales. (AC +1, Slay +1) [demonic ancestry]
   370 | D:1      | Reached XP level 2. HP: 19/19 MP: 1/5
  1262 | D:2      | Gained mutation: You regenerate magic rapidly. [demonic
                  | ancestry]
  1262 | D:2      | Reached XP level 3. HP: 24/24 MP: 1/7
  1265 | D:2      | Learned a level 2 spell: Searing Ray
  1339 | D:2      | Found a faded altar of an unknown god.
  1699 | D:2      | Found a runed translucent door.
  1700 | D:2      | Noticed Crazy Yiuf
  1762 | D:3      | Found Taam's Distillery.
  1771 | D:3      | Bought a potion of curing for 36 gold pieces
  1872 | D:3      | Reached XP level 4. HP: 30/30 MP: 4/8
  1928 | D:3      | Noticed Jessica
  1938 | D:3      | Killed Jessica
  1939 | D:3      | Reached skill level 5 in Conjurations
  2243 | D:3      | Gained mutation: You have a pair of small horns on your
                  | head. [demonic ancestry]
  2243 | D:3      | Reached XP level 5. HP: 35/35 MP: 6/10
  2372 | D:3      | Noticed Terence
  2397 | D:3      | Killed Terence
  2599 | D:3      | Found a shimmering blue altar of Sif Muna.
  2824 | D:4      | Noticed a black bear
  2841 | D:4      | Killed a black bear
  2842 | D:4      | Gained mutation: You have a pair of horns on your head.
                  | [demonic ancestry]
  2842 | D:4      | Reached XP level 6. HP: 37/41 MP: 3/12
  2956 | D:4      | Reached skill level 6 in Conjurations
  3099 | D:4      | Learned a level 4 spell: Fulminant Prism
  3275 | D:4      | Reached skill level 1 in Hexes
  3276 | D:4      | Reached skill level 5 in Spellcasting
  3276 | D:4      | Gained mutation: You may rarely emit foul miasma when
                  | damaged in melee. [demonic ancestry]
  3276 | D:4      | Reached XP level 7. HP: 39/46 MP: 9/14
  3577 | D:4      | You fall into a shaft and drop 3 floors!
  3577 | D:7      | Noticed a shadow
  3585 | D:7      | Killed a shadow
  3696 | D:5      | Entered Level 5 of the Dungeon
  3915 | D:5      | Noticed a troll
  4010 | D:5      | Reached skill level 7 in Conjurations
  4203 | D:5      | Gained mutation: You are mostly covered in razor-sharp
                  | scales. (AC +2, Slay +2) [demonic ancestry]
  4203 | D:5      | Reached XP level 8. HP: 52/52 MP: 10/16
  4208 | D:5      | Learned a level 4 spell: Iskenderun's Mystic Blast
  5086 | D:5      | Killed a troll
  5176 | D:5      | Found a staircase to the Ecumenical Temple.
  5182 | Temple   | Entered the Ecumenical Temple
  5635 | D:5      | Reached skill level 8 in Conjurations
  5647 | D:5      | Reached skill level 5 in Hexes
  6200 | D:6      | Found an iron altar of Okawaru.
  6239 | D:6      | Reached XP level 9. HP: 57/57 MP: 14/19
  6909 | D:6      | Reached skill level 9 in Conjurations
  7142 | D:7      | Noticed Duvessa
  7153 | D:7      | Killed Duvessa
  7160 | D:7      | Noticed Dowan
  7244 | D:7      | Reached skill level 1 in Fighting
  7415 | D:7      | Killed Dowan
  8001 | D:8      | Found a radiant altar of Vehumet.
  8026 | D:8      | Became a worshipper of Vehumet
  8042 | D:8      | Noticed a two-headed ogre
  8049 | D:8      | HP: 2/61 [hornet (13)]
  8049 | D:8      | Mangled by a hornet

Illustrated notes

Levels and vault maps discovered:
D:1:      co_arrival_square_in_a_square_in_a_square, layout_basic
D:2:      layout_rooms, serial_corexii_hall, chequers_hall_statues_y,
          corexii_hall_statues_i, basic_ecumenical_altar,
          uniq_crazy_yiuf_cottage
D:3:      layout_loops_ring, nicolae_sif_muna_condensation, serial_shops,
          nicolae_shop_stone, serial_glass, glass_columns_b, glass_columns_a,
          glass_columns_a, glass_columns_a, due_unseen_surprise,
          feat_on_display, item_on_display_a, uniq_jessica, uniq_terence
D:4:      layout_basic
D:5:      layout_loops_ring, minmay_temple_entry_fiery
D:6:      layout_basic, amcnicky_altar_gilded
D:7:      layout_cave_pools, uniq_duvessa
D:8:      layout_gridville, mainiacjoe_overflow_catwalk_spiral
Temple:   dpeg_five_rooms_temple

Skill      XL: |  1  2  3  4  5  6  7  8  9 |
---------------+----------------------------+-----
Spellcasting   | 3 4 5 7 |  7.9
Conjurations   | 5 6 7 8 9 |  9.3
Hexes          | 1 3 5 |  5.1
Dodging        | 2 |  2.7
Stealth        | 2 |  2.8
Fighting       | 2 |  2.0

Action                   |  1- 3 |  4- 6 |  7- 9 || total
-------------------------+-------+-------+-------++-------
Melee: Short sword       |     1 |       |       ||     1
       Spear             |     8 |       |       ||     8
       Dagger            |     1 |       |       ||     1
       Club              |       |     2 |     2 ||     4
       Headbutt          |       |     1 |       ||     1
 Cast: Magic Dart        |    59 |    36 |   127 ||   222
       Searing Ray       |     2 |    16 |    46 ||    64
       Fulminant Prism   |       |       |    21 ||    21
  Use: Scroll            |       |     3 |       ||     3
       Potion            |       |       |     3 ||     3
Armor: Robe              |     6 |       |       ||     6
       Leather armour    |       |     5 |    46 ||    51
Dodge: Dodged            |    11 |    18 |    75 ||   104

Table legend: (Time is in decaauts)
 A = Elapsed time spent in this place.
 B = Non-inter-level travel time spent in this place.
 C = Inter-level travel time spent in this place.
 D = Time resting spent in this place.
 E = Time spent auto-exploring this place.
 F = Levels seen in this place.
 G = Mean time per level.
                   A        B        C        D        E       F      G
               +--------+--------+--------+--------+--------+-----+--------+
         Total |   8060 |   7747 |    313 |    305 |   6086 |   9 |  895.6 |
       Dungeon |   7799 |   7535 |    264 |    305 |   5885 |   8 |  974.9 |
        Temple |    260 |    211 |     49 |      0 |    201 |   1 |  260.0 |
               +--------+--------+--------+--------+--------+-----+--------+

Top non-repeatable levels by time:
     D:5: 1441 daAuts
     D:4: 1286 daAuts
     D:6: 1181 daAuts
     D:1: 1174 daAuts
     D:3: 1012 daAuts
     D:7: 933 daAuts
     D:2: 568 daAuts
  Temple: 260 daAuts
     D:8: 199 daAuts
